 Dungeon Crawl Stone Soup version 0.31-a0-960-g0fca184906 (webtiles) character file.

Game seed: 6104028605814089531

1233 demibob the Thaumaturge (level 8, 0/45 HPs)
             Began as a Deep Elf Chaos Knight on Oct 24, 2023.
             Was a Plaything of Xom.
             Succumbed to a scorpion's poison
             ... on level 5 of the Dungeon.
             The game lasted 00:08:32 (5616 turns).

demibob the Thaumaturge (Deep Elf Chaos Knight)     Turns: 5616, Time: 00:08:33

Health: 0/45       AC: 10    Str: 13    XL:     8   Next: 24%
Magic:  21/21      EV: 12    Int: 19    God:    Xom [......]
Gold:   368        SH:  0    Dex: 13    Spells: 25/25 levels left

rFire   + . .        a - +0 spear (chaos)
rCold   . . .        (no shield)
rNeg    . . .        b - +2 leather armour
rPois   .            e - +1 helmet
rElec   .            (no cloak)
rCorr   .            j - +0 pair of gloves
SInv    .            (no boots)
Will    .....        (no amulet)
Stlth   +            (no ring)
HPRegen 0.27/turn    (no ring)
MPRegen 0.17/turn

%: no passive effects
@: lethally poisoned (0 -> -9)
A: iridescent scales 1, fire resistance 1, low MP 1, screaming 1, strong 1,
subdued magic 1
a: Renounce Religion


You were on level 5 of the Dungeon.
You worshipped Xom.
You were a very special plaything of Xom.
You visited 2 branches of the dungeon, and saw 6 of its levels.

You collected 368 gold pieces.


Innate Abilities, Weirdness & Mutations

You are partially covered in iridescent scales. (AC +2)
Your flesh is heat resistant. (rF+)
Your magical capacity is low. (-10% MP)
You occasionally shout uncontrollably at your foes.
Your muscles are strong. (Str +4, Int/Dex -1)
Your spells are a little easier to cast, but a little less powerful.


   Skills:
 - Level 2.4 Fighting
 + Level 5.8 Polearms
 - Level 0.7 Armour
 - Level 2.4 Dodging
 + Level 9.1 Spellcasting


You had 25 spell levels left.
You didn't know any spells.
Your spell library contained the following spells:

 Spells                   Type           Power      Damage    Failure   Level
 Ensorcelled Hibernation  Hex/Ice        12%        N/A       13%         2
 Passwall                 Tmut/Erth      5%         N/A       13%         2
 Swiftness                Air            6%         N/A       26%         3

Inventory:

Hand Weapons
 a - a +0 spear of chaos (weapon)
Missiles
 l - 3 curare-tipped darts (quivered) {=f}
Armour
 b - a +2 leather armour (worn)
 e - a +1 helmet (worn)
 j - a +0 pair of gloves (worn)
 p - an orb of light
Magical Staves
 c - a staff of fire {!a}
Jewellery
 d - an amulet of the acrobat
 o - an amulet of magic regeneration
Wands
 f - a wand of roots (16)
Scrolls
 g - a scroll of enchant armour
Potions
 h - 3 potions of brilliance

Dungeon Overview and Level Annotations

Branches:
Dungeon (5/15)             Temple (1/1) D:5

Altars:
Ashenzari
Cheibriados
Dithmenos
Kikubaaqudgha
Makhleb
Qazlal
Ru
Trog
Uskayaw
Wu Jian
The Shining One

Shops:
D:2

* ..#.#.....#.#
##..#........###
###.#######.#
##.............## #
#.........#
##..............†.
####......#
##............#....
###...####...........####...
#..###.............# ##..
######................## #..
.....................# ##.#
...........@.......## #..#
##.....####.s........# #.##
##.....# #..........# ##.# #
......# #.....##...####..#
#. #...# ##...#####...##...#
..# #...####...##
##.......##
...####..........#
#.#####..# #............).#
##.# ##.. ##.............#
##..# ###


You could see a scorpion (agile, resistant, poisoned).


Message History

The scorpion is heavily wounded.
You feel sick.
The scorpion stings you but does no damage.
You hit the scorpion but do no damage.
Space warps around the scorpion.
The scorpion is heavily wounded.
The scorpion stings you.
* * * LOW HITPOINT WARNING * * *
You closely miss the scorpion.
The scorpion is severely wounded.
You feel sick.
The scorpion stings you but does no damage.
You hit the scorpion but do no damage.
The scorpion is severely wounded.
You feel sick. The scorpion closely misses you.
You completely miss the scorpion.
The scorpion is severely wounded.
You feel sick. The scorpion stings you.
* * * LOW HITPOINT WARNING * * *
You are lethally poisoned!
The scorpion poisons you!
You hit the scorpion but do no damage.
The scorpion is almost dead.
* * * LOW HITPOINT WARNING * * *
You feel very sick.
The scorpion stings you but does no damage.
Unknown command.
You closely miss the scorpion.
The scorpion is almost dead.
You die...
Xom snickers!

Skill      XL: |  1  2  3  4  5  6  7  8 |
---------------+-------------------------+-----
Spellcasting   | 1 2 3 4 5 6 8 9 |  9.1
Polearms       | 3 4 5 |  5.8
Fighting       | |  2.4
Armour         | |  0.7
Dodging        | |  2.4

Action                     |  1- 3 |  4- 6 |  7- 9 || total
---------------------------+-------+-------+-------++-------
  Melee: Spear             |   107 |   242 |   265 ||   614
         Kick              |     7 |       |       ||     7
         Punch             |       |     1 |     3 ||     4
  Throw: Dart              |       |       |     2 ||     2
  Evoke: Wand              |       |       |     2 ||     2
    Use: Scroll            |     4 |     3 |     6 ||    13
         Potion            |       |     2 |     9 ||    11
   Stab: Sleeping          |     1 |     1 |       ||     2
         Invisible         |     3 |       |       ||     3
         Confused          |       |     9 |     2 ||    11
         Petrified         |       |     6 |       ||     6
         Petrifying        |       |     1 |       ||     1
         Paralysed         |       |     5 |       ||     5
 Armour: Leather armour    |    50 |   100 |   189 ||   339
  Dodge: Dodged            |    57 |    98 |   169 ||   324

Levels and vault maps discovered:
D:1:      amcnicky_arrival_gap_in_the_tavern_cellar, layout_rooms,
          amethyst_killhole
D:2:      layout_basic, serial_shops, nicolae_shop_tiny_real_fake_doors
D:3:      layout_basic, marbit_many_paths, nrook_campfire
D:4:      layout_layer_cave, kennysheep_vampire_church,
          grunt_dithmenos_smoke_and_mirrors, uniq_blork_the_orc, uniq_edmund
D:5:      layout_layer_cave, amcnicky_altar_gilded,
          minmay_temple_entry_sparse_star, skrybe_limestone_x
Temple:   nicolae_temple_great_sept

Notes
Turn   | Place    | Note
-------+----------+-------------------------------------------
     0 | D:1      | demibob the Deep Elf Chaos Knight began the quest for the
                  | Orb.
     0 | D:1      | Reached XP level 1. HP: 13/13 MP: 3/3
    26 | D:1      | XOM: butterfly on damage
    37 | D:1      | XOM: butterfly on damage
    93 | D:1      | Reached skill level 1 in Spellcasting
   158 | D:1      | Reached XP level 2. HP: 18/18 MP: 6/6
   200 | D:1      | XOM: potion effect (invisibility)
   201 | D:1      | XOM: give mutations
   201 | D:1      | Gained mutation: Your flesh is heat resistant. (rF+) [Xom's
                  | mischief]
   201 | D:1      | Gained mutation: You have sharp toenails. [Xom's mischief]
   201 | D:1      | Gained mutation: You occasionally shout uncontrollably at
                  | your foes. [Xom's mischief]
   207 | D:1      | Reached skill level 2 in Spellcasting
   360 | D:1      | Reached XP level 3. HP: 22/22 MP: 8/8
   660 | D:2      | XOM: give mutations
   660 | D:2      | Lost mutation: You have sharp toenails. [Xom's mischief]
   660 | D:2      | Gained mutation: You have large cloven feet. [Xom's
                  | mischief]
   660 | D:2      | Lost mutation: You have large cloven feet. [Xom's mischief]
   660 | D:2      | Gained mutation: Your spells are a little easier to cast,
                  | but a little less powerful. [Xom's mischief]
   660 | D:2      | Gained mutation: Your muscles are strong. (Str +4, Int/Dex
                  | -1) [Xom's mischief]
   705 | D:2      | XOM: polymorph goblin -> howler monkey
   709 | D:2      | Reached skill level 3 in Polearms
   709 | D:2      | Reached skill level 3 in Spellcasting
   709 | D:2      | Reached XP level 4. HP: 24/27 MP: 9/11
   953 | D:2      | Reached skill level 4 in Spellcasting
  1083 | D:2      | Found Palag's General Store.
  1090 | D:2      | XOM: swap monsters
  1211 | D:2      | XOM: enchant monster (good)
  1256 | D:2      | Reached XP level 5. HP: 31/31 MP: 13/13
  1295 | D:3      | Identified the +1 ring mail of the Desert {Str+3}
  1826 | D:3      | Noticed a phantom
  1826 | D:3      | XOM: noise
  1829 | D:3      | XOM: confuse monster(s)
  1841 | D:3      | XOM: destruction
  1853 | D:3      | XOM: 6-stop teleportation journey
  2104 | D:3      | Killed a phantom
  2105 | D:3      | Reached skill level 5 in Spellcasting
  2293 | D:3      | Found a glowing golden altar of the Shining One.
  2385 | D:3      | Reached XP level 6. HP: 19/36 MP: 16/16
  2650 | D:4      | Reached skill level 4 in Polearms
  2701 | D:4      | Noticed Edmund
  2707 | D:4      | XOM: noise
  2713 | D:4      | Killed Edmund
  2714 | D:4      | Reached skill level 6 in Spellcasting
  2791 | D:4      | Found an ancient bone altar of Kikubaaqudgha.
  2852 | D:4      | Noticed Blork the orc
  2862 | D:4      | Killed Blork the orc
  2863 | D:4      | Reached XP level 7. HP: 34/40 MP: 19/19
  2933 | D:4      | Reached skill level 7 in Spellcasting
  2976 | D:3      | XOM: torment (21/40 hp)
  3060 | D:4      | XOM: butterfly on damage
  3177 | D:4      | Found a shadowy altar of Dithmenos.
  3279 | D:4      | XOM: polymorph hound -> swamp drake
  3293 | D:4      | Reached skill level 5 in Polearms
  3315 | D:4      | HP: 1/40 [ice beast (7)]
  3325 | D:4      | Reached skill level 8 in Spellcasting
  3384 | D:4      | XOM: 6-stop teleportation journey
  3989 | D:5      | Entered Level 5 of the Dungeon
  4146 | D:5      | Found a staircase to the Ecumenical Temple.
  4165 | Temple   | Entered the Ecumenical Temple
  4282 | D:5      | Reached XP level 8. HP: 17/45 MP: 22/22
  4500 | D:5      | XOM: give mutation
  4500 | D:5      | Gained mutation: You are partially covered in iridescent
                  | scales. (AC +2) [Xom's mischief]
  4783 | D:5      | XOM: chaos upgrade
  4794 | D:5      | Reached skill level 9 in Spellcasting
  4833 | D:5      | XOM: summons 5 hostile demons
  4857 | D:5      | XOM: silly message
  4916 | D:5      | XOM: give mutation
  4916 | D:5      | Gained mutation: Your magical capacity is low. (-10% MP)
                  | [Xom's mischief]
  5322 | D:5      | XOM: summons 1 hostile demon
  5494 | D:5      | Found a stormy altar of Qazlal.
  5596 | D:5      | XOM: enchant monster (bad)
  5609 | D:5      | XOM: noise
  5614 | D:5      | HP: 4/45 [scorpion (1)]
  5616 | D:5      | Succumbed to a scorpion's poison

Vanquished Creatures
  Edmund (D:4)
  An ice beast (D:4)
  A swamp drake (D:4)
  A black bear (D:4)
  An ogre (D:5)
  A phantom (D:3)
  Blork the orc (D:4)
  A scorpion (D:5)
  2 vampire bats (D:4)
  A howler monkey (D:2)
  2 jellies
  A hound (D:5)
  3 iguanas
  3 orc wizards
  3 adders
  2 ufetubi (D:5)
  7 worms
  A dart slug (D:1)
  8 orcs
  7 ball pythons
  7 bats
  3 bat skeletons (D:4)
  2 bat zombies (D:4)
  6 endoplasms
  A giant cockroach (D:4)
  8 hobgoblins
  3 jackals (D:5)
  3 quokkas
  3 frilled lizards
  12 goblins
  11 kobolds
  8 rats
115 creatures vanquished.

Vanquished Creatures (collateral kills)
  A howler monkey (D:5)
1 creature vanquished.

Vanquished Creatures (others)
  An orc wizard (D:4)
  An orc zombie (D:5)
2 creatures vanquished.

Grand Total: 118 creatures vanquished

Table legend: (Time is in decaauts)
 A = Elapsed time spent in this place.
 B = Non-inter-level travel time spent in this place.
 C = Inter-level travel time spent in this place.
 D = Time resting spent in this place.
 E = Time spent auto-exploring this place.
 F = Levels seen in this place.
 G = Mean time per level.
                   A        B        C        D        E       F      G
               +--------+--------+--------+--------+--------+-----+--------+
         Total |   5578 |   5462 |    116 |    270 |   4244 |   6 |  929.7 |
       Dungeon |   5576 |   5460 |    116 |    270 |   4244 |   5 | 1115.2 |
        Temple |      1 |      1 |      0 |      0 |      0 |   1 |    1.0 |
               +--------+--------+--------+--------+--------+-----+--------+

Top non-repeatable levels by time:
     D:5: 1600 daAuts
     D:3: 1421 daAuts
     D:4: 1278 daAuts
     D:2: 705 daAuts
     D:1: 570 daAuts
  Temple: 1 daAuts

Table legend:
 A = Non-vault XP
 B = Vault XP
 C = Vault XP percentage of total XP
 D = Non-vault monster count
 E = Vault monster count
 F = Vault count percentage of total count
                 A         B        C        D         E       F
            +---------+---------+-------+---------+---------+-------
      Total |    1376 |     386 |  21.9 |     107 |      10 |   8.5
            +---------+---------+-------+---------+---------+-------
        D:1 |      42 |       0 |   0.0 |      26 |       0 |   0.0
        D:2 |     157 |       0 |   0.0 |      24 |       0 |   0.0
        D:3 |     181 |       2 |   1.1 |      20 |       1 |   4.8
        D:4 |     537 |     384 |  41.7 |      21 |       9 |  30.0
        D:5 |     459 |       0 |   0.0 |      16 |       0 |   0.0
            +---------+---------+-------+---------+---------+-------
